 Dungeon Crawl Stone Soup version 0.26.1-11-gd32895ea62 (webtiles) character file.

Game seed: 447477559619845299

38 Zeld the Grasshopper (level 3, 0/24 HPs)
             Began as an Octopode Warper on May 16, 2021.
             Slain by an orc
             ... wielding a +0 short sword
              (5 damage)
             ... on level 4 of the Dungeon.
             The game lasted 00:00:41 (524 turns).

Zeld the Grasshopper (Octopode Warper)               Turns: 524, Time: 00:00:42

Health: 0/24       AC:  1    Str: 11    XL:     3   Next: 43%
Magic:  6/6        EV: 13    Int: 15    God:
Gold:   30         SH:  0    Dex: 11    Spells: 6/6 levels left

rFire    . . .     SeeInvis .   a - +0 mace
rCold    . . .     Faith    .   (no shield)
rNeg     . . .     Spirit   .   (helmet restricted)
rPois    .         Reflect  .   (no amulet)
rElec    .         Harm     .   (no ring)
rCorr    .         Rampage  .   (no ring)
Will     .....                  (no ring)
Stlth    ++........             (no ring)
HPRegen  0.08/turn              (no ring)
MPRegen  0.10/turn              (no ring)
                                (no ring)
                                (no ring)

@: no status effects
A: almost no armour, stealthy swim, amphibious, 8 rings, constrict 8, camouflage
1, gelatinous body 1
a: no special abilities


You were on level 4 of the Dungeon.
You visited 1 branch of the dungeon, and saw 4 of its levels.

You collected 30 gold pieces.

Inventory:

Hand Weapons
 a - a +0 mace (weapon)
Missiles
 b - 5 boomerangs of dispersal (quivered)
Scrolls
 c - a scroll of blinking
 d - a scroll of magic mapping {unknown}
 e - a scroll of enchant weapon {unknown}


   Skills:
 - Level 2.0 Fighting
 * Level 3.0 Maces & Flails
 - Level 1.0 Throwing
 - Level 2.3 Dodging
 + Level 2.4 Spellcasting
 + Level 3.3 Translocations


You had 6 spell levels left.
You didn't know any spells.
Your spell library contained the following spells:

 Spells                   Type           Power        Failure   Level
 Blink                    Tloc           N/A          9%          2
 Gell's Gravitas          Tloc           5%           16%         3
 Lesser Beckoning         Tloc           5%           16%         3
 Teleport Other           Tloc           11%          16%         3
 Passage of Golubria      Tloc           N/A          47%         4


Dungeon Overview and Level Annotations

Branches:
Dungeon (4/15)
 Temple: D:4-7

Altars:


Innate Abilities, Weirdness & Mutations

You cannot wear most types of armour.
You are very stealthy in the water. (Stealth+)
You are amphibious.
You can wear up to eight rings at the same time.
You can use your tentacles to constrict eight enemies at once.
Your skin changes colour to match your surroundings (Stealth+).
Your rubbery body absorbs attacks. (AC +1, EV +1)


Message History

The orc is severely wounded.
You constrict the orc. The orc misses you. The orc barely misses you.
The orc hits you with a +0 short sword!
Unknown command.
You are too injured to fight recklessly!
Unknown command.
You are too injured to fight recklessly!
You are too injured to fight recklessly!
You are too injured to fight recklessly!
You hit the orc.
You kill the orc!
The orc hits you with a +0 short sword.
* * * LOW HITPOINT WARNING * * *
Unknown command.
You barely miss the orc. Your grab misses the orc.
The orc hits you with a +0 short sword.
* * * LOW HITPOINT WARNING * * *
You hit the orc but do no damage. Your grab misses the orc.
The orc hits you with a +0 short sword.
You die...

.......
##.####..........#
.......
#..##........#....
..###..
....#........#.(..
................ #
.###......##.... #
#............ #..
##.#.....##..
#....###.#...#..###
......)@...###.##
......o....# .
............# .
...............
.......#.......
......##........
....#. #........
....## #..[...


You could see an orc.

Vanquished Creatures
  A worker ant (D:4)
  A leopard gecko (D:1)
  2 orcs (D:4)
  2 giant cockroaches (D:1)
  A hobgoblin (D:2)
  A ball python (D:2)
  A frilled lizard (D:4)
  A jackal skeleton (D:4)
  A kobold (D:2)
  2 leopard gecko skeletons (D:4)
  A quokka skeleton (D:4)
  A rat (D:1)
15 creatures vanquished.

Notes
Turn   | Place    | Note
-------+----------+-------------------------------------------
     0 | D:1      | Zeld the Octopode Warper began the quest for the Orb.
     0 | D:1      | Reached XP level 1. HP: 14/14 MP: 3/3
   221 | D:2      | Reached XP level 2. HP: 14/19 MP: 5/5
   512 | D:4      | Reached XP level 3. HP: 18/24 MP: 6/6
   524 | D:4      | Slain by an orc

Illustrated notes

Levels and vault maps discovered:
D:1:      dpeg_arrival_prison, layout_loops_corners
D:2:      layout_loops_ring, general_overflow_altar, minmay_tree_intersection,
          minmay_split_cup_large, uniq_natasha
D:3:      layout_basic, serial_rivers, chequers_serial_rivers_small_a,
          chequers_serial_rivers_small_a, chequers_serial_rivers_micro_b,
          chequers_serial_rivers_micro_c, tso_metal_star
D:4:      layout_cave_pools

Skill      XL: |  1  2 |
---------------+-------+-----
Maces & Flails | 3 |  3.0
Fighting       | |  2.0
Throwing       | |  1.0
Dodging        | |  2.3
Spellcasting   | |  2.4
Translocations | |  3.3

Action                   || total
-------------------------++-------
Melee: Mace              ||    31
       Constrict         ||     7
       Tentacles         ||     4
 Stab: Sleeping          ||     2
Armor: Skin              ||     1
Dodge: Dodged            ||    25
